 Dungeon Crawl Stone Soup version 0.28.0-53-g5a82cb258f (webtiles) character file.

Game seed: 2140628346199357076

121 Peloso the Covered (level 4, 0/41 HPs)
             Began as a Minotaur Fighter on Aug 7, 2022.
             Slain by a gnoll
             ... wielding a +0 spear
              (4 damage)
             ... on level 3 of the Dungeon.
             The game lasted 00:03:42 (2659 turns).

Peloso the Covered (Minotaur Fighter)               Turns: 2659, Time: 00:03:42

Health: 0/41       AC:  7    Str: 21    XL:     4   Next: 76%
Magic:  3/3        EV:  9    Int:  5    God:
Gold:   929        SH:  4    Dex: 11    Spells: 3/3 levels left

rFire   . . .      SeeInvis .   a - +0 long sword
rCold   . . .      Faith    .   c - +0 buckler
rNeg    . . .      Spirit   .   b - +0 scale mail
rPois   .          Reflect  .   (helmet restricted)
rElec   .          Harm     .   (no cloak)
rCorr   .          Rampage  .   (no gloves)
Will    .....                   (no boots)
Stlth   ..........              (no amulet)
HPRegen 0.13/turn               (no ring)
MPRegen 0.08/turn               (no ring)

@: no status effects
A: horns 2, retaliatory headbutt
a: no special abilities


You were on level 3 of the Dungeon.
You visited 1 branch of the dungeon, and saw 3 of its levels.

You collected 929 gold pieces.

Inventory:

Hand Weapons
 a - a +0 long sword (weapon)
Armour
 b - a +0 scale mail (worn)
 c - a +0 buckler (worn)
Jewellery
 h - a ring of resist corrosion
Scrolls
 f - a scroll of summoning {unknown}
 i - a scroll of vulnerability {unknown}
 j - a scroll of noise {unknown}
 k - 2 scrolls of identify {unknown}
Potions
 d - 2 potions of might
 e - a potion of resistance {unknown}


   Skills:
 + Level 4.3 Fighting
 + Level 4.1 Long Blades
 + Level 4.4 Armour
 + Level 1.1 Dodging
 + Level 4.2 Shields


You had 3 spell levels left.
You didn't know any spells.
Your spell library contained the following spells:

 Spells                   Type           Power      Damage    Failure   Level
 Corpse Rot               Necr/Air       0%         N/A       95%         2
 Dispel Undead            Necr           0%         3d6       100%        4
 Death Channel            Necr           0%         N/A       100%        6


Dungeon Overview and Level Annotations

Branches:
Dungeon (3/15)

Altars:


Innate Abilities, Weirdness & Mutations

You have a pair of horns on your head.
You reflexively headbutt those who attack you in melee.


Message History

You hit the gnoll but do no damage.
The gnoll is lightly wounded.
The gnoll hits you but does no damage.
You slash the gnoll!
You headbutt the gnoll, but do no damage.
The gnoll is severely wounded.
The gnoll hits you but does no damage. x2
You barely miss the gnoll.
You headbutt the gnoll, but do no damage.
The gnoll is severely wounded.
The gnoll hits you with a +0 spear.
You barely miss the gnoll.
The gnoll is severely wounded.
The gnoll hits you but does no damage.
You barely miss the gnoll.
The gnoll is severely wounded.
The gnoll misses you.
You hit the gnoll.
The gnoll is severely wounded.
The gnoll hits you with a +0 spear. The gnoll hits you with a +0 spear!
* * * LOW HITPOINT WARNING * * *
You barely miss the gnoll.
The gnoll is severely wounded.
The gnoll misses you.
You barely miss the gnoll. Your headbutt misses the gnoll.
The gnoll is severely wounded.
The gnoll hits you with a +0 spear.
* * * LOW HITPOINT WARNING * * *
You barely miss the gnoll.
The gnoll is severely wounded.
The gnoll hits you but does no damage.
You closely miss the gnoll.
The gnoll is severely wounded.
The gnoll hits you with a +0 spear.
* * * LOW HITPOINT WARNING * * *
You block the gnoll's attack.
You completely miss the gnoll.
The gnoll is severely wounded.
The gnoll hits you with a +0 spear.
You die...

### #...### ######## #..
.....###. #......#### #.# .....
.#.##..<......# #####.# ####...
#.#.##......##.# ...##.# #g....
#.#.#####>...#.. ##.##.# #.##.##
#.#.# #.##.#.#
##.##.####.##..###.#.# #.##.###
...........)...g@....#####.#.....
.####..........####..............
...####......####....#.#.###.####
#....####..####....#.........# #
##.....######......#......##.####
##.....######......#.##...#......
#....####..####....#..#..........
...####......####...#.#..........
.####....##....####......#.......


You could see a gnoll.

Vanquished Creatures
  2 gnolls (D:3)
  3 adders
  A worm (D:3)
  3 dart slugs
  2 orcs (D:3)
  5 bats
  5 endoplasms
  3 giant cockroaches
  4 goblins
  7 hobgoblins
  4 jackals (D:2)
  3 quokkas
  3 ball pythons (D:2)
  8 frilled lizards
  6 kobolds
  4 rats
63 creatures vanquished.

Notes
Turn   | Place    | Note
-------+----------+-------------------------------------------
     0 | D:1      | Peloso the Minotaur Fighter began the quest for the Orb.
     0 | D:1      | Reached XP level 1. HP: 19/19 MP: 0/0
    28 | D:1      | Found a faded altar of an unknown god.
   286 | D:1      | Reached XP level 2. HP: 27/27 MP: 1/1
  1037 | D:2      | Reached XP level 3. HP: 30/33 MP: 2/2
  1497 | D:2      | Reached skill level 1 in Dodging
  1983 | D:2      | Reached XP level 4. HP: 38/40 MP: 3/3
  2149 | D:2      | Identified a scroll of acquirement
  2149 | D:2      | Acquired 840 gold pieces
  2659 | D:3      | Slain by a gnoll

Illustrated notes

Levels and vault maps discovered:
D:1:      nicolae_arrival_washed_ashore, layout_basic,
          shapermc_ecumenical_altar_venn
D:2:      layout_loops_cross, solitary_fountain, minmay_goblin_outpost
D:3:      layout_basic, minmay_misc_feat_x

Skill      XL: |  1  2  3  4 |
---------------+-------------+-----
Fighting       | 4 |  4.3
Shields        | 4 |  4.2
Long Blades    | 3 4 |  4.1
Armour         | 4 |  4.4
Dodging        | 1 |  1.1

Action                   |  1- 3 |  4- 6 || total
-------------------------+-------+-------++-------
Melee: Long sword        |   103 |    56 ||   159
       Headbutt          |     9 |    12 ||    21
  Use: Scroll            |       |     2 ||     2
Armor: Scale mail        |    42 |    23 ||    65
Dodge: Dodged            |    64 |    25 ||    89
Block: Buckler           |    26 |    11 ||    37
